 Dungeon Crawl Stone Soup version bcrawl-1.19.2-6-g6a88ae04c9 (webtiles) character file.

Game seed: 12585643474929240417

1209 Mrkan the Cleaver (level 8, 0/70 HPs)
             Began as a Minotaur Monk on Dec 28, 2019.
             Was a Priest of Fedhas.
             Killed from afar by a gargoyle (22 damage)
             ... with a stone arrow
             ... on level 5 of the Dungeon.
             The game lasted 00:05:26 (4659 turns).

Mrkan the Cleaver (Minotaur Monk)                   Turns: 4659, Time: 00:05:27

Health: 0/70       AC:  6    Str: 18    XL:     8   Next: 22%
Magic:  0/9        EV: 13    Int:  7    God:    Fedhas [***...]
Gold:   317        SH:  5    Dex: 13    Spells: 7/7 levels left

rFire    . . .     SeeInvis .   a - +0 hand axe
rCold    . . .     Gourm    .   t - +0 buckler
rNeg     . . .     Faith    .   p - +0 ring mail (curse)
rPois    .         Spirit   +   c - +0 hat
rElec    .         Reflect  .   (no cloak)
rCorr    .         Harm     .   (no gloves)
MR       .....                  (no boots)
Stlth    +.........             d - amulet of guardian spirit
HPRegen  0.21/turn              (no ring)
MPRegen  0.11/turn              (no ring)

@: no status effects
A: retaliatory headbutt, horns 2
a: Fungal Bloom, Sunlight, Evolution, Growth, Renounce Religion


You were on level 5 of the Dungeon.
You worshipped Fedhas.
Fedhas was most pleased with you.
You were not hungry.

You visited 1 branch of the dungeon, and saw 5 of its levels.
You also visited: Sewer.

You collected 317 gold pieces.

Inventory:

Hand Weapons
 a - a +0 hand axe (weapon)
Armour
 c - a +0 hat (worn)
 p - a cursed +0 ring mail (worn)
 t - a +0 buckler (worn)
Jewellery
 d - an amulet of guardian spirit (around neck)
 o - an uncursed amulet of regeneration {unknown}
 x - an uncursed ring of wizardry {unknown}
 y - a +2 ring of evasion {unknown}
 H - an uncursed amulet of regeneration {unknown}
Wands
 A - a wand of iceblast (4)
 D - a wand of polymorph (2)
 F - a wand of random effects (7)
 I - a wand of flame (21)
Scrolls
 e - a scroll of amnesia {unknown}
 g - 6 scrolls of identify {unknown}
 h - 3 scrolls of magic mapping {unknown}
 m - 4 scrolls of enchant weapon {unknown}
 r - 2 scrolls of remove curse {unknown}
 s - 2 scrolls of fear {unknown}
 w - 5 scrolls of teleportation {unknown}
 E - 2 scrolls of blinking {unknown}
 G - a scroll of fog {unknown}
 K - a scroll of enchant armour {unknown}
Potions
 b - a potion of degeneration {unknown}
 i - 4 potions of heal wounds
 j - a potion of curing {unknown}
 k - a potion of invisibility {unknown}
 l - a potion of lignification {unknown}
 n - a potion of ambrosia {unknown}
 q - 3 potions of berserk rage {unknown}
 u - a potion of resistance {unknown}
 v - 2 potions of flight {unknown}
 z - a potion of agility {unknown}
 B - 2 potions of haste {unknown}
 C - a potion of mutation {unknown}
Comestibles
 f - 11 rations {!d}
 J - a chunk of flesh


   Skills:
 + Level 6.1 Fighting
 * Level 8.0 Axes
 + Level 4.6 Armour
 - Level 4.1 Dodging
 - Level 1.7 Stealth
 + Level 3.8 Shields
 + Level 3.6 Invocations


You had 7 spell levels left.
You didn't know any spells.
Your spell library was empty.

Dungeon Overview and Level Annotations

Branches:
Dungeon (5/12)
 Temple: D:4-7

Altars:
Cheibriados
Elyvilon
Fedhas
Hepliaklqana
Kikubaaqudgha
Trog
Xom
Zin

Shops:
D:4 (


Innate Abilities, Weirdness & Mutations

You reflexively headbutt those who attack you in melee.
You have a pair of horns on your head.


Message History

You barely miss the gargoyle.
You headbutt the gargoyle, but do no damage.
The gargoyle is heavily damaged.
You hit the gargoyle but do no damage. You headbutt the gargoyle.
The gargoyle is heavily damaged.
The gargoyle hits you with a +0 mace!
* * * LOW HITPOINT WARNING * * *
You feel much better. The gargoyle hits you with a +0 mace.
You hit the gargoyle but do no damage. You headbutt the gargoyle.
The gargoyle is heavily damaged.
The gargoyle hits you with a +0 mace!
You hit the gargoyle but do no damage. Your headbutt misses the gargoyle.
The gargoyle is heavily damaged.
You hit the gargoyle.
You headbutt the gargoyle, but do no damage.
The gargoyle is heavily damaged.
The gargoyle hurls a stone arrow at you.
The stone arrow hits you!
You die...
Fedhas appreciates your contribution to the ecosystem.

#.....................#
#
#.###################.#
#.# #.# #.# #.# #.#
###.# #.# #...#
#.######## #.#####
#........# #......
########@# ####### #9#
#.# #.# #.# #.# #.# #.#


You could see a gargoyle.

Vanquished Creatures
  Pikel (D:4)
  An ice beast (D:5)
  A slave (D:4)
  A phantom (D:5)
  A centaur (D:5)
  2 big kobolds
  A water moccasin zombie (D:4)
  A jelly (D:4)
  A bullfrog skeleton (D:3)
  A worker ant (D:5)
  A howler monkey zombie (D:5)
  5 adders
  6 gnolls
  An ooze (Sewer)
  4 worms
  2 dart slugs (D:4)
  5 leopard geckos
  3 orcs
  A bat zombie (D:3)
  8 giant cockroaches
  8 hobgoblins
  6 jackals
  6 ball pythons
  3 bats
  5 frilled lizards
  10 goblins
  13 kobolds
  5 rats
  A rat zombie (D:3)
104 creatures vanquished.

Vanquished Creatures (others)
  A crimson imp (D:4)
  A hound (D:4)
  A howler monkey skeleton (D:4)
3 creatures vanquished.

Grand Total: 107 creatures vanquished

Notes
Turn   | Place    | Note
-------+----------+-------------------------------------------
     0 | D:1      | Mrkan the Minotaur Monk began the quest for the Orb.
     0 | D:1      | Reached XP level 1. HP: 19/19 MP: 1/1
   184 | D:1      | Reached XP level 2. HP: 24/27 MP: 2/2
   295 | D:1      | Reached skill level 4 in Axes
   423 | D:1      | Reached skill level 1 in Armour
   960 | D:2      | Reached XP level 3. HP: 32/33 MP: 3/3
  1546 | D:3      | Reached XP level 4. HP: 26/40 MP: 1/4
  1563 | D:3      | Noticed a big kobold
  1578 | D:3      | Killed a big kobold
  1578 | D:3      | Reached skill level 5 in Axes
  1578 | D:3      | Reached XP level 5. HP: 16/47 MP: 2/5
  1850 | D:3      | Noticed an angel
  1856 | D:3      | Found a shimmering altar of Xom.
  1856 | D:3      | Found a glowing silver altar of Zin.
  2102 | D:3      | Found a blossoming altar of Fedhas.
  2134 | D:3      | Became a worshipper of Fedhas Madash
  2134 | D:3      | Reached * piety under Fedhas
  2134 | D:3      | Reached ** piety under Fedhas
  2195 | D:3      | Found an ancient bone altar of Kikubaaqudgha.
  2443 | D:3      | Found a bloodstained altar of Trog.
  2444 | D:3      | Found a snail-covered altar of Cheibriados.
  2503 | D:3      | Found a white marble altar of Elyvilon.
  2756 | D:4      | Reached skill level 1 in Shields
  2756 | D:4      | Reached XP level 6. HP: 50/55 MP: 6/6
  2772 | D:4      | Found a hazy altar of Hepliaklqana.
  2818 | D:4      | Noticed a slave
  2818 | D:4      | Noticed a slave
  2819 | D:4      | Noticed Pikel
  2819 | D:4      | Noticed a slave
  2820 | D:4      | Noticed a slave
  2831 | D:4      | Killed a slave
  2849 | D:4      | Killed Pikel
  2849 | D:4      | Reached skill level 5 in Fighting
  2849 | D:4      | Reached skill level 7 in Axes
  2849 | D:4      | Reached XP level 7. HP: 19/61 MP: 2/8
  3280 | D:4      | Found a glowing drain.
  3293 | Sewer    | Entered a sewer
  3613 | D:4      | Reached *** piety under Fedhas
  3696 | D:4      | Found Piru's Weapon Boutique.
  3786 | D:5      | Entered Level 5 of the Dungeon
  3953 | D:5      | Reached XP level 8. HP: 40/70 MP: 5/9
  4262 | D:5      | Reached skill level 8 in Axes
  4637 | D:5      | Noticed a gargoyle
  4659 | D:5      | Killed from afar by a gargoyle

Skill      XL: |  1  2  3  4  5  6  7  8 |
---------------+-------------------------+-----
Axes           | 4 5 7 8 |  8.0
Armour         | 1 2 3 4 |  4.6
Fighting       | 4 5 6 |  6.1
Dodging        | 4 |  4.1
Shields        | 1 2 3 |  3.8
Invocations    | 3 |  3.6
Stealth        | |  1.7

Action                   |  1- 3 |  4- 6 |  7- 9 || total
-------------------------+-------+-------+-------++-------
Melee: Hand axe          |    89 |    91 |   127 ||   307
       Headbutt          |    11 |    11 |    23 ||    45
       Unarmed           |       |     5 |       ||     5
  Use: Potion            |     1 |       |     1 ||     2
 Stab: Sleeping          |     2 |     1 |       ||     3
       Distracted        |     1 |       |       ||     1
  Eat: Chunk             |     2 |     4 |     6 ||    12
Armor: Robe              |     8 |       |       ||     8
       Ring mail         |    15 |    24 |    18 ||    57
       Skin              |       |     5 |       ||     5
Dodge: Dodged            |    62 |    75 |    61 ||   198
Block: Buckler           |       |    12 |    25 ||    37
